Cogmind - Beta 10 @@@ ROGUE MODE // 2020.09.17 @ 19:00:45 Player: Llandrysgryf Result: Destroyed by G-34 Mercenary with Small Laser Performance ------------- Evolutions (1) 500 Regions Visited (2) 400 Robots Destroyed (32) 160 Value Destroyed (859) 859 Prototype IDs (2) 40 Alien Tech Used (0) 0 Bonus (0) 0 TOTAL SCORE: 1959 Bonus ------- None Cogmind --------- Core Integrity 0/400 Matter 11/300 Energy 258/280 System Corruption 4% Temperature Cool (8) Movement Treading (200) Ox2 Location -9/Materials Parts ------- > --- POWER (1) -------- Heavy Ion Engine > --- PROPULSION (3) --- Light Treads Light Treads > --- UTILITY (3) ------ Large Storage Unit High-capacity Storage Unit High-capacity Storage Unit > --- WEAPON (2) ------- Heavy Assault Rifle > --- INVENTORY (26) --- Improved Ion Engine Improved Ion Engine Improved Ion Engine Light Treads Armored Treads Armored Treads Armored Treads Armored Treads Large Storage Unit Large Storage Unit Large Matter Pod (150) High-capacity Matter Pod Targeting Computer Light Armor Plating Light Armor Plating Light Armor Plating Light Armor Plating Assault Rifle Heavy Assault Rifle Grenade Launcher Grenade Launcher Rocket Launcher Peak State ------------ > --- POWER ------------ Heavy Ion Engine > --- PROPULSION ------- Light Treads Light Treads Light Treads > --- UTILITY ---------- Large Storage Unit Large Storage Unit High-capacity Storage Unit > --- WEAPON ----------- Improved Assault Rifle Grenade Launcher > --- INVENTORY -------- Improved Ion Engine Improved Ion Engine Improved Ion Engine Heavy Ion Engine Light Treads Light Treads Light Treads Armored Treads Armored Treads Armored Treads Armored Treads Large Storage Unit Large Matter Pod High-capacity Matter Pod Targeting Computer Light Armor Plating Light Armor Plating Light Armor Plating Light Armor Plating Assault Rifle Heavy Assault Rifle Heavy Assault Rifle Grenade Launcher Rocket Launcher [Rating: 17] Favorites ----------- Power Light Ion Engine Engine Light Ion Engine Propulsion Light Treads Treads Light Treads Leg Aluminum Leg Utility Large Storage Unit Device Terrain Scanner Storage Large Storage Unit Weapon Assault Rifle Ballistic Gun Assault Rifle Launcher Grenade Launcher Build | -11 -10 -9 ------- Run | Scr Mat Mat Slots Evolved 2 | . . 2 Power . | . . . Propulsion 1 | . . 1 Utility 1 | . . 1 Weapon . | . . . Parts Attached 45 | 7 11 27 Power 6 | 2 . 4 Engine 6 | 2 . 4 Core . | . . . Reactor . | . . . Propulsion 18 | 2 2 14 Treads 14 | . . 14 Leg 4 | 2 2 . Wheel . | . . . Hover . | . . . Flight . | . . . Utility 7 | 1 3 3 Device 1 | . 1 . Storage 6 | 1 2 3 Processor . | . . . Hackware . | . . . Protection . | . . . Artifact . | . . . Weapon 14 | 2 6 6 Energy Gun . | . . . Energy Cannon . | . . . Ballistic Gun 12 | 2 6 4 Ballistic Cannon . | . . . Launcher 2 | . . 2 Special Weapon . | . . . Impact Weapon . | . . . Slashing Weapon . | . . . Piercing Weapon . | . . . Special Melee Weapon . | . . . Unidentified Prototypes 2 | . . 2 Parts Lost 15 | . 3 12 Power 2 | . . 2 Propulsion 8 | . 1 7 Utility 1 | . 1 . Weapon 4 | . 1 3 Highest Loss Streak 5 | . 2 5 Average Slot Usage (%) 97 | . 96 97 Engine 12 | . 14 10 Treads 17 | . . 31 Leg 12 | . 27 . Storage 28 | . 23 33 Ballistic Gun 22 | . 27 17 Launcher 2 | . . 4 Naked Turns . | . . . Heaviest Build 94 | 11 55 94 Greatest Support 60 | 20 20 60 Greatest Overweight (x) 4 | 3 2 4 Average Overweight (x) 1 | . 1 1 Largest Inventory Capacity 26 | 6 18 26 Average Capacity 18 | 5 11 24 Most Carried 24 | 5 14 24 Average Carried 13 | 2 8 17 Final Capacity 26 | 6 18 26 Final Carried 22 | 4 13 22 Class Distribution -------------------- 53% | Hauler-Mutant 46% | Mutant Dominant Class ---------------- Mutant | -10/Materials Hauler-Mutant | -9/Materials Resources | -11 -10 -9 ----------- Run | Scr Mat Mat Matter Collected 1063 | 129 493 441 Remotely . | . . . Salvage Created 891 | . 209 682 Parts 77 | . 27 50 Haulers Intercepted . | . . . Recyclers Shooed . | . . . Parts Field Recycled . | . . . Retrieved Matter . | . . . Parts Self-Destructed . | . . . Prevented . | . . . Kills | -11 -10 -9 ------- Run | Scr Mat Mat Combat Hostiles Destroyed 29 | . 10 19 Guns 25 | . 10 15 AOE 4 | . . 4 Classes Destroyed 6 | . 3 3 Worker 1 | . 1 . Builder 1 | . . 1 Watcher 1 | . . 1 Swarmer 11 | . 8 3 Grunt 12 | . 2 10 Sentry 6 | . . 6 Best Kill Streak 4 | . 3 4 Combat Bots Only 4 | . 3 4 Max Kills in Single Turn 2 | . 2 2 Gunslinging 1 | . 1 . Exploded 1 | . . 1 Melee . | . . . Uniques/NPCs Destroyed . | . . . Combat | -11 -10 -9 -------- Run | Scr Mat Mat Damage Taken 3180 | . 568 2612 Core 514 | . 114 400 Absorbed by Shields . | . . . Core Remaining (%) 77 | 100 54 . Volleys Fired 98 | . 30 68 Largest 2 | . 2 2 Hottest 53 | . 40 53 Shots Fired 181 | . 60 121 Gun 165 | . 60 105 Cannon . | . . . Launcher 16 | . . 16 Special . | . . . Kinetic 165 | . 60 105 Thermal . | . . . Explosive 16 | . . 16 Electromagnetic . | . . . Robot Hit Streak 22 | . 7 22 Robot Miss Streak 4 | . 4 3 Penetration Max . | . . . Secondary Targets 6 | . 5 1 Max Gunslinging Chain 1 | . 1 1 Shots Hit Robots 133 | . 36 97 Core Hits 57 | . 14 43 Critical Hits . | . . . Critical Kills . | . . . Critical Parts Destroyed . | . . . Melee Attacks . | . . . Impact . | . . . Slashing . | . . . Piercing . | . . . Sneak Attacks . | . . . Combat Hostiles . | . . . Follow-up Attacks . | . . . Damage Inflicted 1994 | . 354 1640 Guns 1457 | . 354 1103 Cannons . | . . . Explosions 524 | . . 524 Melee . | . . . Ramming 13 | . . 13 Kinetic 1457 | . 354 1103 Thermal . | . . . Explosive 524 | . . 524 Electromagnetic . | . . . Impact . | . . . Slashing . | . . . Piercing . | . . . Highest Corruption 4 | . 2 4 Average Corruption 3 | . 2 3 Corruption Purged . | . . . Effects 45 | . 5 40 Message Errors 9 | . 2 7 Matter Fused 7 | . . 7 Heat Flow Errors 9 | . 1 8 Energy Discharges 5 | . 1 4 Parts Rejected 1 | . . 1 Data Loss (minor) 8 | . 1 7 Targeting Errors 2 | . . 2 Weapon Failures 4 | . . 4 Overload Shots . | . . . Overflow Damage 14 | . . 14 Projectiles . | . . . Explosions 14 | . . 14 Melee . | . . . Knockbacks . | . . . Impact . | . . . Kinetic . | . . . Secondary . | . . . Self-Inflicted Damage 117 | . . 117 Shots 7 | . . 7 Rammed 2 | . . 2 Targets Rammed 2 | . . 2 Kicked . | . . . Crushed . | . . . Highest Temperature 265 | . 86 265 Average Temperature 72 | . 21 84 Received Heat Transfer 1254 | . 162 1092 Siege Activations . | . . . Robots Corrupted . | . . . Combat Hostiles . | . . . Parts Fried . | . . . Impact Corruptions . | . . . Robots Melted . | . . . Combat Hostiles . | . . . Parts Melted . | . . . Heat Transferred . | . . . Parts Sabotaged . | . . . Parts Stolen . | . . . Parts Stripped . | . . . Power Chain Reactions . | . . . Missiles Intercepted . | . . . Alert | -11 -10 -9 ------- Run | Scr Mat Mat Peak Influence 260 | . 219 260 Initial 12 | . . 12 Average 85 | . 58 111 Maximum Alert Level 1 | . 1 1 Low Security (%) 89 | 100 91 88 Level 1 10 | . 8 11 Level 2 . | . . . Level 3 . | . . . Level 4 . | . . . Level 5 . | . . . High Security . | . . . Max Security . | . . . Squads Dispatched 3 | . 2 1 Investigation . | . . . Extermination . | . . . Reinforcement 3 | . 2 1 Assault . | . . . Garrison . | . . . Intercept . | . . . Construction Impeded . | . . . Haulers Reinforced . | . . . Stealth | -11 -10 -9 --------- Run | Scr Mat Mat Distress Signals 6 | . 1 5 Communications Jammed . | . . . Distress Signals . | . . . Times Spotted 73 | . 33 40 Peak Tracking Total 6 | . 6 5 Tactical Retreats 7 | . 5 2 Traps | -11 -10 -9 ------- Run | Scr Mat Mat Traps Triggered 4 | . 2 2 Indirectly . | . . . Trap Hack Attempts . | . . . Triggered . | . . . Disarmed . | . . . Reprogrammed . | . . . Reused . | . . . Traps Extracted . | . . . Installed . | . . . Triggered . | . . . Machines | -11 -10 -9 ---------- Run | Scr Mat Mat Machines Disabled 1 | . . 1 Max in Single Turn 1 | . . 1 Machines Sabotaged . | . . . Garrisons Compromised . | . . . Overloaded Fab Kills . | . . . Fab Network Shutdowns . | . . . Hacking | -11 -10 -9 --------- Run | Scr Mat Mat Machines Accessed 10 | . 7 3 Terminals 6 | . 4 2 Fabricators . | . . . Repair Stations 1 | . 1 . Recycling Units 2 | . 2 . Scanalyzers 1 | . . 1 Garrison Access . | . . . Total Hacks 27 | . 15 12 Successful 20 | . 13 7 Failed 7 | . 2 5 Catastrophic . | . . . Database Lockouts . | . . . Manual . | . . . Terminals 19 | . 9 10 Fabricators . | . . . Repair Stations 2 | . 2 . Recycling Units 4 | . 4 . Scanalyzers 2 | . . 2 Garrison Access . | . . . Terminal Hacks 12 | . 7 5 Record 3 | . 1 2 Alert Level 1 | . 1 . Locate Traps 4 | . 2 2 Dispatch Records 1 | . 1 . Maintenance Status 2 | . 2 . Reinforcement Status 1 | . . 1 Fabricator Hacks . | . . . Repair Station Hacks 2 | . 2 . Scan Component 1 | . 1 . Repair 1 | . 1 . Recycling Unit Hacks 4 | . 4 . Process 2 | . 2 . Report Inventory 2 | . 2 . Scanalyzer 2 | . . 2 Insert Component 1 | . . 1 Analyze 1 | . . 1 Garrison Access Hacks . | . . . Unauthorized Hacks . | . . . Terminals . | . . . Fabricators . | . . . Repair Stations . | . . . Recycling Units . | . . . Scanalyzers . | . . . Garrison Access . | . . . Data Cores Recovered . | . . . Used . | . . . Hacking Detections 9 | . 6 3 Full Trace Events 1 | . 1 . Feedback Events . | . . . Feedback Blocked . | . . . Robot Schematics Acquired . | . . . Robots Built . | . . . Matter . | . . . Time . | . . . Total Robot Build Rating . | . . . Part Schematics Acquired 1 | . . 1 Parts Built . | . . . Matter . | . . . Time . | . . . Total Part Build Rating . | . . . Parts Repaired 1 | . 1 . Time 26 | . 26 . Parts Recycled . | . . . Recycled Matter 84 | . 84 . Retrieved Matter . | . . . Retrieved Components . | . . . Parts Scanalyzed 1 | . . 1 Part Schematics Acquired 1 | . . 1 Parts Damaged . | . . . Bothacking | -11 -10 -9 ------------ Run | Scr Mat Mat Used RIF Installer . | . . . Robots Hacked . | . . . Non-combat . | . . . Combat . | . . . Robot Hacks Applied . | . . . Relay Couplers Released . | . . . Robots Rewired . | . . . Allies Hacked . | . . . Hacks Repelled . | . . . Allies | -11 -10 -9 -------- Run | Scr Mat Mat Total Allies . | . . . Largest Group . | . . . Highest-Rated Group . | . . . Highest-Rated Ally . | . . . Total Orders . | . . . Ally Attacks . | . . . Total Damage . | . . . Kills . | . . . Allies Corrupted . | . . . Allies Melted . | . . . Intel | -11 -10 -9 ------- Run | Scr Mat Mat Robot Analysis Total . | . . . Derelict Logs Recovered . | . . . Drone Launches . | . . . Drone Recoveries . | . . . Exploration | -11 -10 -9 ------------- Run | Scr Mat Mat Turns Passed 3337 | 94 1452 1791 Spaces Moved 1749 | 63 847 839 Core 7 | 7 . . Treads 839 | . . 839 Legs 903 | 56 847 . Wheels . | . . . Hover . | . . . Flight . | . . . Fastest Speed 50 | 50 120 180 Average Speed 166 | 122 156 180 Slowest Speed 240 | 200 180 240 Overloaded Moves . | . . . Propulsion Burnouts . | . . . Robots Hopped . | . . . Cave-ins Triggered . | . . . Exploration Rate (%) 60 | 3 99 80 Regions Visited 2 Branch Regions . Pre-discovered Areas . | . . . Known Exits Taken . | . . . Unknown Exits Taken 2 | 1 1 . Scrap Searched . | . . . Spaces Dug . | . . . Terrain Destroyed 79 | . . 79 Melee . | . . . Projectile . | . . . AOE 79 | . . 79 Terrain Rammed . | . . . Walls Destroyed . | . . . Machines Disabled . | . . . Actions | -11 -10 -9 --------- Run | Scr Mat Mat Total 1987 | 79 919 989 Wait 27 | . 12 15 Move 1747 | 62 846 839 Hop . | . . . Pick Up 57 | 10 17 30 Fast Attach 1 | . 1 . Attach 26 | 6 6 14 Detach . | . . . Swap 18 | 1 4 13 Drop 11 | . 3 8 Fire 98 | . 30 68 Melee . | . . . Ram . | . . . Kick . | . . . Crush 2 | . . 2 Escape Stasis . | . . . Rewire . | . . . Trap . | . . . Miscellaneous . | . . . Route ------- -11/Scrapyard -10/Materials (discovered 4 exits: *Mat x3 / [*Min]) -9/Materials (discovered 4 exits: [*Mat x2] / [*Min] / [*Sto]) History --------- Turn | Location | Event 17 | -11/Scrapyard | Discovered new exit (range 16) 95 | -11/Scrapyard | Entered Materials 316 | -10/Materials | Build established: Mutant 397 | -10/Materials | Discovered new exit (range 14) 589 | -10/Materials | Discovered new exit (range 10) 640 | -10/Materials | Repaired Assault Rifle 926 | -10/Materials | Discovered new exit (range 15) 1061 | -10/Materials | Discovered new exit (range 16) 1547 | -10/Materials | Entered another Materials area 1547 | -9/Materials | Evolved 2 slots: Propulsion x1, Utility x1 1847 | -9/Materials | Build established: Hauler-Mutant 1917 | -9/Materials | Discovered new exit (range 3) 2017 | -9/Materials | Discovered new exit (range 16) 2093 | -9/Materials | Core integrity fell below 50% 2113 | -9/Materials | Lost 5 parts (1p2n2w) 2653 | -9/Materials | Discovered new exit (range 5) 3020 | -9/Materials | Discovered new exit (range 13) 3238 | -9/Materials | Core integrity fell below 20% 3338 | -9/Materials | Destroyed by G-34 Mercenary with Small Laser Last Messages --------------- 03135_ Acquired Hcp. Storage Unit. 03168_ T-07 Excavator is excavating. 03171_ QQ=,B9SJM4LP8A3 /UJSII=P4XV775 03204_ System corrupted: Energy discharge (-112). 03222_ Connecting with Scanalyzer... >>Insert(Grenade Launcher) Scanning Grenade Launcher... Ready to analyze. >>Scanalyze Scanning: Grenade Launcher... Schematic downloaded. 03225_ Slammed into G-34 Mercenary. 03243_ O1NJHIL BUV O/%=MVEKHOTY0:Q#VN/GE SV 03247_ Slammed into M-13 Machinist. 03282_ Lgt. Treads destroyed. 03287_ &3VTAD#G3JXUGNZU%LE7TTX 03305_ Imp. Assault Rifle destroyed. 03314_ Lgt. Treads destroyed. 03333_ System corrupted: Energy discharge (-78). 03334_ Lgt. Treads destroyed. Map ----- +----------------------------------------------------+ | #?????????????????"" # ??????????????????? | | #??????????????????? + ????????????????????? | | #????????????????????# ??????????????????????? | | #????????????????????# ###########?????????????? | | ####?##??????????????# # #?????????????? | | ?? #?##???????????# # #?????????????? | | ### ############ + #?????????????? | | " """ # ## # """ ]#?????????????? | | " """ # / ## # """"" #?????????????? | | " """ # """ / ## # """"" #?????????????? | | # """ ! /= ## *# """"" #?????????????? | | # """ ## # """ #?????????????? | | # ## #############???????????? | | #+########+########### # = #???????????? | | # "" #???????????? | | # ]! """ #???????????? | | # !] S" ##??????????? | | #### ############### # ! #??????????? | | # #?????????????# # ##??????????? | | # #?????????????# # !#???????????? | | #### #?????????????# #####+#######???????????? | | ???# +?????????????# ##########???????? | | ???# #?????????????# # #???????? | | ???# #?????????????# # """ #???????? | | ??? ???????############## # """ #???????? | | ??? ???????# g @ # # """ #???????? | | ??| ######?# "S """ # # #???????? | | ??" < ## ### """ """ + + " " #???????? | | ??| ## + ""Y """ # # "R" #???????? | | ??" ## ### # # """ #???????? | | ??? ?# #?############## + #???????? | | ?????????# #################+###########???????? | | ?????????# #! !# #?????????????? | | ?????????# # """ """ # """ """ #?????????????? | | ?????????# + """ """ + """ """ #?????????????? | | ?????????# # """ """ !# """ """ #?????????????? | | ?????????# # # ##????????????? | | ???????? #####+##/#### #????????????? | | ?????? / ##????????????? | | ????? # #?????????????? | | ??? ####### #####+#####?????????????? | | ??###+##??????# [!!??????????????????????? | | ??????????????# ##### [!! ?????????????????????? | | ??????????????# ????# [! ????????????????????? | | ??????????????# ????# T???????????????????? | | ??????????????#?????# ""??????????????????? | | ????????????????????# #?????????????????? | | ????????????????????# ?????????????????? | | ????????????????????####+#######?????????????????? | | #############????????????????????????????????????? | +----------------------------------------------------+ Best States ------------- Heat Dissipation 28 Energy Generation 14 Energy Capacity 280 Matter Stores 300 Matter Capacity 300 Sight Range 16 Terrain Scan Range 14 Terrain Scan Density 10 Evasion (%) 40 Recoil Reduction 3 Item Schematics ----------------- Grenade Launcher | -9/Materials | Scanalyzed Robot Schematics ------------------ None Fabricated ------------ Nothing Alien Tech Used ----------------- None Achievements -------------- None Challenges ------------ None Game ------ Seed ScatterDimensionalProjector Manual? 0 Play Time 00:46:52 Cumulative 6.8 hours Start 2020.09.17 @ 18:10:50 End 2020.09.17 @ 19:00:45 Sessions 1 Manual Loads 0 Difficulty Rogue Special Mode None Game No. 5 Rogue 5 Adventurer 0 Explorer 0 Win Type - Total 0 Types 0/0/0/0/0/0/0/0/0 Lore% 2 Gallery% 8 Achievement% 7 Wizard Run 0 Options --------- ASCII 0 Keyboard 0 Movement Numpad Keybinds 0 Fullscreen 1 Font 36/Smallcaps Map View 76x50 Tactical HUD 1 Map Filters NONE Filters NONE Steam 1 RUN: dd5480f3-bf70-4030-a54d-abc88c823909